 Dungeon Crawl Stone Soup version 0.26-a0-599-gc8f6553 (webtiles) character file.

Game seed: 9874894610639651700

115192 Hazorath the Earth Mage (level 16, -6/104 HPs)
             Began as a Gargoyle Earth Elementalist on Aug 28, 2020.
             Was a High Priest of Okawaru.
             Mangled by a harpy (8 damage)
             ... on level 3 of the Shoals on Aug 29, 2020.
             The game lasted 02:36:04 (24094 turns).

Hazorath the Earth Mage (GrEE)                     Turns: 24094, Time: 02:36:05

Health: -6/104     AC: 41    Str: 12    XL:     16   Next: 68%
Magic:  22/32      EV:  9    Int: 23    God:    Okawaru [*****.]
Gold:   2334       SH:  9    Dex: 10    Spells: 28/39 levels left

rFire    . . .     SeeInvis .   a - staff of earth
rCold    . . .     Faith    .   T - +0 kite shield {reflect}
rNeg     + . .     Spirit   .   S - +3 chain mail {MR+}
rPois    ∞         Reflect  +   V - +2 helmet
rElec    +         Harm     .   o - +1 cloak {Stlth+}
rCorr    .                      Q - +0 pair of gloves
MR       ++...                  y - +0 pair of boots
Stlth    ..........             (no amulet)
HPRegen  0.27/turn              O - +4 ring of evasion
MPRegen  0.23/turn              K - +4 ring of protection

@: flying
A: big wings, negative energy resistance 1, electricity resistance, unbreathing,
petrification resistance, rot immunity, AC +12
a: Stop Flying, Heroism, Finesse, Renounce Religion


You were on level 3 of the Shoals.
You worshipped Okawaru.
Okawaru was extremely pleased with you.
You visited 5 branches of the dungeon, and saw 24 of its levels.
You also visited: Bailey.

You collected 2334 gold pieces.

Inventory:

Hand Weapons
 b - the +6 hand crossbow of Saltpetre {venom, *Corrode +Blink MR+ Dex+2}
   (Okawaru gifted it to you on level 1 of the Snake Pit)

   It poisons the ammo it fires.
   It affects your dexterity (+2).
   It affects your resistance to hostile enchantments.
   It lets you blink.
   It may corrode you when you take damage.
 c - a +4 great mace of venom
 h - the +7 quick blade of Demonkind {venom, *Noise rElec rC+ Dex+3}
   (Okawaru gifted it to you on level 3 of the Shoals)

   It poisons the flesh of those it strikes.
   It affects your dexterity (+3).
   It protects you from cold.
   It insulates you from electricity.
   It may make noises in combat.
 j - a +2 flail of holy wrath
 m - the +5 arbalest of Midwinter {elec, SInv}
   (You found it on level 1 of the Lair of Beasts)

   It charges the ammunition it shoots with electricity; occasionally upon a
   hit, such missiles may discharge and cause terrible harm.
   It lets you see invisible.
 r - a +1 triple crossbow of flaming
 U - the +1 hand crossbow of Righteous Fury {elec, rF++}
   (Okawaru gifted it to you on level 3 of the Lair of Beasts)

   It charges the ammunition it shoots with electricity; occasionally upon a
   hit, such missiles may discharge and cause terrible harm.
   It greatly protects you from fire.
Missiles
 d - 18 bolts
 i - 37 poisoned darts (quivered)
 I - 46 stones
Armour
 g - the +5 kite shield "Deujeg" {rF- rC++ rCorr}
   (Okawaru gifted it to you on level 1 of the Shoals)

   It makes you vulnerable to fire.
   It greatly protects you from cold.
   It provides partial protection from all sources of acid and corrosion.
 o - a +1 cloak of stealth (worn)
 q - a +2 scale mail of fire resistance
 s - a +2 robe of resistance
 y - a +0 pair of boots (worn)
 Q - a +0 pair of gloves (worn)
 S - a +3 chain mail of magic resistance (worn)
 T - a +0 kite shield of reflection (worn)
 V - a +2 helmet (worn)
 X - a +2 tower shield of cold resistance
Magical Staves
 a - an uncursed staff of earth (weapon)
Jewellery
 n - an uncursed ring of see invisible
 p - an uncursed ring of fire
 w - an uncursed ring of protection from fire
 A - an uncursed ring of flight
 K - a +4 ring of protection (right hand)
 O - a +4 ring of evasion (left hand)
 R - an uncursed ring of fire
 Y - the ring "Cotolor" {rF+++ rN+ MR- Slay-5 SInv}
   (You found it on level 4 of the Shoals)

   [ring of positive energy]

   It affects your accuracy and damage with ranged weapons and melee attacks
   (-5).
   It renders you almost immune to fire.
   It protects you from negative energy.
   It affects your resistance to hostile enchantments.
   It lets you see invisible.
Wands
 e - a wand of paralysis (6)
 f - a wand of flame (25)
 v - a wand of random effects (52)
Scrolls
 l - 5 scrolls of remove curse
 u - 4 scrolls of amnesia
 B - 2 scrolls of enchant weapon
 C - a scroll of vulnerability
 D - a scroll of immolation
 G - a scroll of fog
 L - 3 scrolls of enchant armour
 W - a scroll of magic mapping
Potions
 k - 6 potions of flight
 t - a potion of mutation
 x - 2 potions of cancellation
 E - 2 potions of lignification
 F - a potion of resistance
 H - 4 potions of stabbing
 J - a potion of berserk rage
 M - 2 potions of curing
 N - a potion of brilliance


   Skills:
 + Level 13.5 Fighting
 - Level 10.3 Crossbows
 - Level 13.0 Armour
 - Level 1.5 Dodging
 - Level 2.1 Stealth
 * Level 7.2 Shields
 + Level 12.1 Spellcasting
 - Level 4.8 Conjurations
 - Level 0.7 Transmutations
 * Level 16.5 Earth Magic
 - Level 7.0 Invocations


You had 28 spell levels left.
You knew the following spells:

 Your Spells              Type           Power        Failure   Level
a - Sandblast             Erth           ######       1%          1
b - Passwall              Tmut/Erth      ######..     9%          2
c - Stone Arrow           Conj/Erth      ######       7%          3
d - Lee's Rapid Deconstr  Erth           #######...   6%          5

Your spell library contained the following spells:

 Spells                   Type           Power        Failure   Level
 Petrify                  Tmut/Erth      ######..     50%         4
 Apportation              Tloc           ##....       89%         1
 Freeze                   Ice            ##..         89%         1
 Frozen Ramparts          Ice            ##....       99%         3
 Lesser Beckoning         Tloc           ##........   99%         3
 Ozocubu's Armour         Ice            ##......     99%         3
 Tukima's Dance           Hex            ##......     99%         3
 Hailstorm                Conj/Ice       ####....     100%        4
 Summon Ice Beast         Ice/Summ       ##......     100%        4
 Alistair's Intoxication  Tmut/Pois      ###......    100%        5
 Invisibility             Hex            ##......     100%        6


Dungeon Overview and Level Annotations

Branches:
Dungeon (9/15)             Temple (1/1) D:4            Lair (6/6) D:9
 Shoals (4/4) Lair:3        Snake (4/4) Lair:3        Slime (0/5) Lair:5
 Bailey (visited)
    Orc: D:9-12

Altars:
Ashenzari
Dithmenos
Elyvilon
Gozag
Hepliaklqana
Makhleb
Nemelex Xobeh
Okawaru
Qazlal
Ru
Trog
Uskayaw
Wu Jian
Xom
Yredelemnul
Zin
The Shining One

Shops:
Shoals:3 *   Shoals:4 [   Snake:1 [   Snake:2 }

Annotations:
Shoals:3 2 transporters
Snake:2 Saint Roka
Snake:3 Asterion


Innate Abilities, Weirdness & Mutations

You are resistant to torment.
Your stone body is resilient. (AC +12)
You are immune to poison.
Your large and strong wings let you fly indefinitely.
You resist negative energy. (rN+)
You are resistant to electric shocks. (rElec)
You can survive without breathing.
You are immune to petrification.
You are immune to rotting.


Message History

Here: a harpy (black smoke, water) Some deep water.
Okay, then.
Okay, then.
Casting: Sandblast (safe; 1% risk of failure)
Confirm with . or Enter, or press ? or * to list all spells.
Aiming: Sandblast (safe; 1% risk of failure)
Press: ? - help, Shift-Dir - straight line, f - harpy
Aim: a harpy (black smoke, water)
You feel a surge of power!
The blast of sand hits the harpy!!
The harpy is heavily wounded.
I - 46 stones The harpy completely misses you.
The harpy claws you but does no damage. x2
The harpy claws you.
* * * LOW HITPOINT WARNING * * *
The harpy claws you.
* * * LOW HITPOINT WARNING * * *
You block the harpy's attack. The harpy claws you but does no damage.
The harpy claws you!
You die...

≈≈≈≈≈≈≈≈≈
≈≈≈≈≈≈≈≈≈≈≈≈≈≈≈≈≈≈≈≈≈≈≈≈
≈≈≈≈≈≈≈≈ ≈≈≈≈≈≈≈≈≈≈≈≈≈≈≈
≈≈≈≈≈≈≈≈ ≈≈≈m≈≈≈≈≈≈≈≈≈≈≈
≈≈≈≈≈≈≈≈ ≈≈≈≈≈≈≈≈≈≈≈≈≈≈≈
≈≈≈≈≈≈≈≈ ≈≈≈≈≈≈≈≈≈≈≈≈≈≈≈
≈≈≈≈≈≈ ≈≈≈≈≈≈≈H≈≈≈≈≈≈≈
≈≈≈≈≈≈ ≈≈≈≈≈≈§HH≈≈≈≈≈≈
≈≈≈≈≈≈ ≈≈≈≈≈§H@H§≈≈≈≈≈
≈≈≈≈≈≈ ≈≈≈≈≈≈§§§≈≈≈≈≈≈
≈≈≈≈≈≈ ≈≈≈≈≈§≈§≈≈≈≈≈≈≈
≈≈≈≈≈≈≈≈≈≈≈≈≈≈≈
###############


You could see a merfolk javelineer and 5 harpies.

Vanquished Creatures
  Gastronok (D:9)
  Agnes (Snake:1)
  Donald (Snake:1)
  A nagaraja (Snake:3)
  Aizul (Snake:1)
  A merfolk javelineer (Shoals:4)
  4 merfolk impalers
  16 naga warriors
  Harold (Lair:1)
  6 hydras
  Josephine (Lair:3)
  A merfolk avatar (Shoals:4)
  Erica (D:8)
  A merfolk aquamancer (Shoals:4)
  12 anacondas
  A satyr (Shoals:3)
  5 naga sharpshooters
  4 shock serpents
  13 sea snakes
  6 naga ritualists
  10 harpies
  7 mana vipers
  6 fauns
  A cyclops (Shoals:3)
  8 salamanders
  5 manticores
  5 elephants (Lair:5)
  Joseph (D:8)
  6 merfolk sirens
  Maurice (D:8)
  10 naga magi
  6 water nymphs
  4 cane toads
  24 black mambas
  4 guardian serpents
  Psyche (D:9)
  Maggie (D:7)
  2 rime drakes (Lair:4)
  2 komodo dragons (Lair:5)
  5 wind drakes
  18 merfolk
  4 polar bears (Lair:3)
  5 dream sheep (Shoals:3)
  3 slime creatures (Lair:5)
  9 blink frogs
  6 hippogriffs
  6 snapping turtles
  A water elemental (Shoals:3)
  5 wraiths (Lair:3)
  A basilisk (Lair:2)
  23 yaks
  2 wargs (D:9)
  34 nagas
  10 water moccasins
  8 porcupines
  2 ice beasts (D:8)
  3 orc warriors
  10 black bears
  An ogre (D:4)
  A phantom (D:9)
  10 wolves
  4 centaurs
  10 crocodiles
  12 bullfrogs
  5 killer bees
  A scorpion (D:4)
  A bullfrog skeleton (D:4)
  A jelly (Lair:5)
  5 orc priests
  A centaur zombie (D:5)
  A centaur skeleton (D:9)
  A hound (D:7)
  Terence (D:3)
  2 worker ants
  5 orc wizards
  A hound skeleton (D:4)
  Robin (D:3)
  10 gnolls
  8 adders
  2 shadow imps
  A white imp (D:7)
  2 ufetubi
  2 oozes
  An adder skeleton (D:4)
  A worm (D:3)
  3 dart slugs
  3 leopard geckos
  29 orcs
  8 giant cockroaches
  24 goblins
  11 hobgoblins
  13 jackals
  7 kobolds
  2 quokkas
  3 bats
  6 frilled lizards
  3 rats
540 creatures vanquished.

Vanquished Creatures (others)
  A naga warrior (Snake:4)
  A leopard gecko (D:1)
  42 fungi
  50 plants
94 creatures vanquished.

Grand Total: 634 creatures vanquished

Notes
Turn   | Place    | Note
-------+----------+-------------------------------------------
     0 | D:1      | Hazorath the Gargoyle Earth Elementalist began the quest
                  | for the Orb.
     0 | D:1      | Reached XP level 1. HP: 10/10 MP: 3/3
    91 | D:1      | Reached skill level 4 in Earth Magic
    91 | D:1      | Reached XP level 2. HP: 13/16 MP: 1/5
   159 | D:1      | Reached skill level 1 in Fighting
   245 | D:1      | Reached XP level 3. HP: 14/20 MP: 3/6
   820 | D:2      | Learned a level 2 spell: Passwall
   824 | D:2      | Learned a level 3 spell: Stone Arrow
  1032 | D:2      | Reached XP level 4. HP: 25/25 MP: 4/7
  1120 | D:2      | Reached skill level 1 in Conjurations
  1188 | D:2      | Reached skill level 5 in Earth Magic
  1384 | D:2      | Reached XP level 5. HP: 30/30 MP: 6/9
  1885 | D:3      | Noticed Robin
  1963 | D:3      | Noticed Terence
  1992 | D:3      | Killed Terence
  1992 | D:3      | Reached XP level 6. HP: 29/35 MP: 8/10
  2007 | D:3      | Killed Robin
  2297 | D:4      | Reached skill level 6 in Earth Magic
  2524 | D:4      | Reached XP level 7. HP: 14/40 MP: 10/12
  2986 | D:4      | Found a staircase to the Ecumenical Temple.
  3022 | Temple   | Entered the Ecumenical Temple
  3150 | Temple   | Became a worshipper of Warmaster Okawaru
  3295 | D:5      | Entered Level 5 of the Dungeon
  3980 | D:5      | Reached skill level 7 in Earth Magic
  4154 | D:6      | Got a shimmering ring mail
  4165 | D:6      | Identified the cursed +0 ring mail of Impressiveness {rN+
                  | Stlth+} (You found it on level 6 of the Dungeon)
  4210 | D:7      | Reached XP level 8. HP: 13/46 MP: 8/13
  4803 | D:7      | Upgraded the game from 0.26-a0-598-g61e6210 to
                  | 0.26-a0-599-gc8f6553
  4809 | D:7      | Learned a level 5 spell: Lee's Rapid Deconstruction
  4882 | D:7      | Reached skill level 1 in Armour
  5193 | D:8      | Noticed Maggie
  5255 | D:8      | Noticed Erica
  5400 | D:7      | Killed Maggie
  5400 | D:7      | Reached * piety under Okawaru
  5400 | D:7      | Reached skill level 8 in Earth Magic
  5684 | D:8      | Noticed Joseph
  5695 | D:8      | Killed Joseph
  5695 | D:8      | Reached skill level 5 in Fighting
  5695 | D:8      | Reached skill level 9 in Earth Magic
  5695 | D:8      | Reached XP level 9. HP: 24/54 MP: 5/16
  5901 | D:8      | Reached skill level 5 in Spellcasting
  5902 | D:8      | Noticed Maurice
  6121 | D:8      | Reached skill level 5 in Armour
  6172 | D:8      | Killed Erica
  6220 | D:8      | Reached ** piety under Okawaru
  6220 | D:8      | Reached skill level 10 in Earth Magic
  6607 | D:8      | Killed Maurice
  6607 | D:8      | Reached XP level 10. HP: 60/60 MP: 6/18
  6806 | D:8      | Noticed a cyclops
  7042 | D:9      | Found a stormy altar of Qazlal.
  7076 | D:9      | Found a flagged portal.
  7113 | Bailey   | Entered a bailey
  7168 | D:9      | Found a staircase to the Lair.
  7168 | D:9      | Noticed Psyche
  7168 | D:9      | Noticed Gastronok
  7189 | D:9      | Killed Psyche
  7194 | D:9      | Reached *** piety under Okawaru
  7545 | D:9      | Killed Gastronok
  7545 | D:9      | Reached skill level 11 in Earth Magic
  7729 | Lair:1   | Entered Level 1 of the Lair of Beasts
  7830 | Lair:1   | Reached XP level 11. HP: 67/67 MP: 17/20
  7861 | Lair:1   | Reached **** piety under Okawaru
  7985 | Lair:1   | Reached skill level 12 in Earth Magic
  8062 | Lair:1   | Noticed Harold
  8079 | Lair:1   | Killed Harold
  8087 | Lair:1   | Got a dazzling arbalest
  8089 | Lair:1   | Identified the +5 arbalest of Midwinter {elec, SInv} (You
                  | found it on level 1 of the Lair of Beasts)
  8791 | Lair:2   | Reached ***** piety under Okawaru
  8946 | Lair:2   | Noticed a four-headed hydra
  8950 | Lair:2   | Killed a four-headed hydra
  8950 | Lair:2   | Reached skill level 1 in Invocations
  9046 | Lair:2   | Reached skill level 10 in Armour
  9619 | Lair:3   | Found a staircase to the Snake Pit.
  9625 | Lair:3   | Reached skill level 13 in Earth Magic
  9636 | Lair:3   | Noticed an eight-headed hydra
  9776 | Lair:3   | Reached XP level 12. HP: 63/73 MP: 9/23
  9816 | Lair:2   | Reached skill level 1 in Crossbows
  9955 | Lair:2   | Received a gift from Okawaru
 10269 | Lair:3   | Noticed a four-headed hydra
 10538 | Lair:3   | Found a staircase to the Shoals.
 10626 | Lair:3   | Killed a four-headed hydra
 10910 | Lair:3   | Killed an eight-headed hydra
 10910 | Lair:3   | Reached ****** piety under Okawaru
 11026 | Lair:4   | Noticed a four-headed hydra
 11030 | Lair:4   | Killed a four-headed hydra
 11112 | Lair:4   | Reached skill level 5 in Crossbows
 11181 | Lair:4   | Reached skill level 5 in Invocations
 11384 | Lair:4   | Received a gift from Okawaru
 11574 | Lair:4   | Noticed a five-headed hydra
 11583 | Lair:4   | Killed a five-headed hydra
 11583 | Lair:4   | Reached XP level 13. HP: 76/80 MP: 12/25
 12268 | Lair:5   | Found a staircase to the Slime Pits.
 13436 | Lair:6   | Entered Level 6 of the Lair of Beasts
 13484 | Snake:1  | Entered Level 1 of the Snake Pit
 13485 | Snake:1  | Noticed Donald
 13498 | Snake:1  | Killed Donald
 13498 | Snake:1  | Reached skill level 10 in Fighting
 13707 | Snake:1  | Noticed Josephine
 14105 | Lair:3   | Killed Josephine
 14105 | Lair:3   | Received a gift from Okawaru
 14108 | Lair:3   | Got a bloodstained hand crossbow {god gift}
 14109 | Lair:3   | Identified the +1 hand crossbow of Righteous Fury {elec,
                  | rF++} (Okawaru gifted it to you on level 3 of the Lair of
                  | Beasts)
 14365 | Snake:1  | Found Weodonk's Armour Shoppe.
 14528 | Snake:1  | Received a gift from Okawaru
 14528 | Snake:1  | Gained mutation: Your large and strong wings let you fly
                  | indefinitely. [Gargoyle growth]
 14528 | Snake:1  | Reached XP level 14. HP: 77/88 MP: 15/27
 15020 | Snake:3  | Noticed Asterion
 15127 | Snake:2  | Found Quppiragg's Gadget Boutique.
 15132 | Snake:2  | Reached skill level 10 in Crossbows
 15132 | Snake:2  | Reached skill level 10 in Spellcasting
 15161 | Snake:1  | Received a gift from Okawaru
 15164 | Snake:1  | Got a masterwork hand crossbow {god gift}
 15165 | Snake:1  | Identified the +6 hand crossbow of Saltpetre {venom,
                  | *Corrode +Blink MR+ Dex+2} (Okawaru gifted it to you on
                  | level 1 of the Snake Pit)
 15941 | Snake:1  | Noticed Aizul
 15959 | Snake:1  | Killed Aizul
 16108 | Snake:1  | Noticed Agnes
 16116 | Snake:1  | Killed Agnes
 16256 | Snake:2  | Noticed Saint Roka
 16602 | Snake:2  | Received a gift from Okawaru
 16862 | Snake:3  | Noticed a nagaraja
 16869 | Snake:3  | Received a gift from Okawaru
 16871 | Snake:3  | Killed a nagaraja
 16871 | Snake:3  | Reached skill level 14 in Earth Magic
 17078 | Snake:4  | Entered Level 4 of the Snake Pit
 17540 | Snake:3  | Reached XP level 15. HP: 45/96 MP: 20/29
 18032 | Snake:4  | Received a gift from Okawaru
 18138 | Snake:4  | Received a gift from Okawaru
 18232 | Snake:4  | Reached skill level 15 in Earth Magic
 18667 | Snake:4  | Received a gift from Okawaru
 18954 | Snake:4  | Received a gift from Okawaru
 19455 | Snake:3  | Noticed an Executioner
 19808 | Snake:4  | Noticed a nagaraja
 20278 | Snake:2  | Reached skill level 16 in Earth Magic
 20594 | Shoals:1 | Entered Level 1 of the Shoals
 20621 | Shoals:1 | Received a gift from Okawaru
 20914 | Shoals:1 | Got a bloodstained kite shield {god gift}
 20921 | Shoals:1 | Identified the +5 kite shield "Deujeg" {rF- rC++ rCorr}
                  | (Okawaru gifted it to you on level 1 of the Shoals)
 20946 | Shoals:1 | Identified 2 scrolls of acquirement
 20947 | Shoals:1 | Acquired an uncursed staff of earth
 20949 | Shoals:1 | Acquired 1380 gold pieces
 20988 | Shoals:3 | Found Bistram's Assorted Antiques.
 21004 | Shoals:2 | Reached skill level 1 in Shields
 21068 | Shoals:2 | Reached XP level 16. HP: 68/103 MP: 24/31
 21450 | Shoals:3 | Found a transporter.
 21756 | Shoals:3 | Found a transporter.
 21799 | Shoals:3 | Reached skill level 5 in Shields
 22124 | Shoals:4 | Entered Level 4 of the Shoals
 22334 | Shoals:4 | Found Itset Roargh's Armour Shoppe.
 22493 | Shoals:4 | Acquired a +2 tower shield of cold resistance
 22586 | Shoals:4 | Got an ancient pewter ring
 22588 | Shoals:4 | Identified the ring "Cotolor" {rF+++ rN+ MR- Slay-5 SInv}
                  | (You found it on level 4 of the Shoals)
 23556 | Shoals:3 | Received a gift from Okawaru
 23560 | Shoals:3 | Got a fine quick blade {god gift}
 23614 | Shoals:3 | Identified the +7 quick blade of Demonkind {venom, *Noise
                  | rElec rC+ Dex+3} (Okawaru gifted it to you on level 3 of
                  | the Shoals)
 24091 | Shoals:3 | HP: 2/104 [merfolk javelineer/javelin (11)]
 24094 | Shoals:3 | Mangled by a harpy

Illustrated notes

Levels and vault maps discovered:
D:1:      shiori_arrival_oz, layout_basic
D:2:      wad_lake_hut, layout_basic, grunt_temple_overflow_magic_moments
D:3:      layout_rooms, kennysheep_doodads, uniq_robin, uniq_terence
D:4:      layout_rooms, fedhas_altar_3, minmay_temple_entry_sparse_star
D:5:      layout_basic, nzn_random_ring, uniq_eustachio
D:6:      lemuel_ratsnest, layout_rooms, chequers_serial_rivers_large_a
D:7:      layout_cave_pods, minmay_misc_feat_tower
D:8:      layout_rooms, lightli_corner_chamber, uniq_joseph, uniq_erica,
          uniq_maggie, uniq_maurice
D:9:      layout_roguey, lemuel_crystal_altar, grunt_qazlal_sundering,
          erik_lair_orcish_takeover, hellmonk_ghost_happy_afterlife,
          enter_bailey_3, uniq_psyche, uniq_gastronok
Temple:   lightli_temple_of_artemis
Lair:1:   layout_hall_layers, gauntlet_entry_generic, patterned_corridor,
          uniq_harold
Lair:2:   layout_cave_pods
Lair:3:   beast_lair_carwin_large_3, layout_misc_corridors,
          elwin_shoals_entry_stream, minmay_snake_entry_six_corridors
Lair:4:   layout_roguey
Lair:5:   layout_hall_layers, minmay_slime_entry_pillars, grunt_megastairs_2
Lair:6:   guppyfry_lair_end_dragon, layout_hall_layers,
          hangedman_lair_caniforms_friends, st_stairs_13, grunt_megastairs_5,
          infiniplex_staircase_pool, serial_bayou_shore_b
Shoals:1: layout_shoals
Shoals:2: layout_shoals
Shoals:3: gammafunk_its_a_trap, layout_shoals, serial_shops, shop,
          nicolae_shoals_hunting_party
Shoals:4: shoals_end_hangedman, layout_shoals, serial_shops, shop,
          nicolae_shoals_stone_sculpture_thing
Snake:1:  layout_onion, serial_shops, shop, special_room, uniq_donald,
          uniq_aizul, uniq_agnes, uniq_josephine
Snake:2:  layout_honeycomb, minmay_shoptagon, uniq_kirke, uniq_saint_roka
Snake:3:  layout_onion_interference, st_stairs_5, uniq_asterion
Snake:4:  grunt_snake_rune_pools, layout_misc_corridors

Skill      XL: |  1  2  3  4  5  6  7  8  9 10 11 12 13 14 15 16 |
---------------+-------------------------------------------------+-----
Earth Magic    | 4 5 6 7 9 10 11 13 14 16 | 16.5
Fighting       | 1 2 3 5 6 7 9 10 11 12 13 | 13.5
Conjurations   | 1 2 3 4 |  4.8
Spellcasting   | 3 4 5 6 7 8 9 10 11 12 | 12.1
Armour         | 4 6 8 10 11 12 13 | 13.0
Invocations    | 2 5 7 |  7.0
Crossbows      | 6 9 10 | 10.3
Shields        | 2 7 |  7.2
Dodging        | |  1.5
Stealth        | |  2.1
Transmutations | |  0.7

Action                   |  1- 3 |  4- 6 |  7- 9 | 10-12 | 13-15 | 16-18 || total
-------------------------+-------+-------+-------+-------+-------+-------++-------
Melee: Short sword       |    43 |       |       |       |       |       ||    43
       Unarmed           |     6 |       |       |       |       |       ||     6
       Halberd           |    42 |       |       |       |       |       ||    42
       Flail             |       |    46 |       |       |       |       ||    46
       Dagger            |       |   162 |   148 |    89 |       |       ||   399
       Punch             |       |       |       |     1 |       |       ||     1
 Fire: Shortbow          |       |       |     6 |     2 |       |       ||     8
       Arbalest          |       |       |       |   149 |   519 |    35 ||   703
       Hand crossbow     |       |       |       |       |    42 |    99 ||   141
Throw: Dart              |       |     3 |    11 |    10 |       |     3 ||    27
 Cast: Sandblast         |    21 |    20 |    82 |   104 |   116 |   144 ||   487
       Stone Arrow       |       |       |    14 |    46 |   113 |     9 ||   182
       Lee's Rapid Decon |       |       |     1 |    24 |    90 |    21 ||   136
Invok: Heroism           |       |       |     3 |     1 |    17 |     8 ||    29
       Finesse           |       |       |       |       |     4 |     2 ||     6
 Abil: Fly               |       |       |       |       |       |     6 ||     6
       Stop Flying       |       |       |       |       |       |     5 ||     5
  Use: Scroll            |       |     7 |    11 |     6 |    17 |     9 ||    50
       Potion            |       |     1 |     3 |     1 |     2 |     4 ||    11
 Stab: Sleeping          |     2 |     1 |       |     2 |       |       ||     5
Armor: Robe              |    28 |    67 |    66 |       |       |       ||   161
       Steam dragon scal |       |       |    33 |   107 |       |       ||   140
       Scale mail        |       |       |       |    64 |   467 |       ||   531
       Chain mail        |       |       |       |       |   116 |   306 ||   422
Dodge: Dodged            |    78 |   139 |   157 |   199 |   397 |   156 ||  1126
Block: Kite shield       |       |       |       |       |       |   122 ||   122
       Reflection        |       |       |       |       |       |    11 ||    11

Table legend: (Time is in decaauts)
 A = Elapsed time spent in this place.
 B = Non-inter-level travel time spent in this place.
 C = Inter-level travel time spent in this place.
 D = Time resting spent in this place.
 E = Time spent auto-exploring this place.
 F = Levels seen in this place.
 G = Mean time per level.
                   A        B        C        D        E       F      G
               +--------+--------+--------+--------+--------+-----+--------+
         Total |  24551 |  23685 |    866 |   8402 |   8192 |  25 |  982.0 |
       Dungeon |   7645 |   7156 |    489 |   2203 |   2847 |   9 |  849.4 |
        Temple |    153 |    124 |     29 |      0 |    112 |   1 |  153.0 |
          Lair |   6756 |   6491 |    265 |    975 |   4272 |   6 | 1126.0 |
        Shoals |   3284 |   3284 |      0 |   1705 |     11 |   4 |  821.0 |
     Snake Pit |   6707 |   6626 |     81 |   3518 |    950 |   4 | 1676.8 |
        Bailey |      3 |      3 |      0 |      0 |      0 |   1 |    3.0 |
               +--------+--------+--------+--------+--------+-----+--------+

Top non-repeatable levels by time:
 Snake:1: 2355 daAuts
 Snake:3: 2174 daAuts
  Lair:3: 2029 daAuts
     D:7: 1670 daAuts
Shoals:4: 1607 daAuts
  Lair:2: 1478 daAuts
     D:8: 1407 daAuts
  Lair:4: 1258 daAuts
  Lair:5: 1257 daAuts
     D:2: 1145 daAuts
 Snake:2: 1089 daAuts
 Snake:4: 1088 daAuts
     D:1: 825 daAuts
Shoals:3: 784 daAuts
     D:5: 776 daAuts
